 Dungeon Crawl Stone Soup version 0.27-a0-1188-g73eefd5def (webtiles) character file.

Game seed: 18320885543244116081

584 mordus the Chopper (level 7, 0/57 HPs)
             Began as a Minotaur Berserker on May 20, 2021.
             Was a Priest of Trog.
             Slain by an orc warrior
             ... wielding a +0 battleaxe
              (19 damage)
             ... on level 5 of the Dungeon.
             The game lasted 00:09:36 (3583 turns).

mordus the Chopper (Minotaur Berserker)             Turns: 3583, Time: 00:09:36

Health: 0/57       AC:  8    Str: 23    XL:     7   Next: 14%
Magic:  6/6        EV: 11    Int:  4    God:    Trog [***...]
Gold:   231        SH:  5    Dex: 16    Spells: 6/6 levels left

rFire    . . .     SeeInvis .   d - +0 broad axe
rCold    . . .     Faith    .   g - +0 buckler
rNeg     . . .     Spirit   .   e - +0 ring mail
rPois    .         Reflect  .   (helmet restricted)
rElec    .         Harm     .   (no cloak)
rCorr    .         Rampage  .   o - +0 pair of gloves
Will     .....                  p - +0 pair of boots
Stlth    +.........             m - amulet of regeneration
HPRegen  1.19/turn              b - +6 ring of dexterity
MPRegen  0.10/turn              (no ring)

@: no status effects
A: horns 2, retaliatory headbutt
a: Renounce Religion, Berserk, Trog's Hand


You were on level 5 of the Dungeon.
You worshipped Trog.
Trog was most pleased with you.
You visited 1 branch of the dungeon, and saw 5 of its levels.

You collected 231 gold pieces.

Inventory:

Hand Weapons
 a - a +0 hand axe
 d - a +0 broad axe (weapon)
Armour
 e - a +0 ring mail (worn)
 g - a +0 buckler (worn)
 o - a +0 pair of gloves (worn)
 p - a +0 pair of boots (worn)
Jewellery
 b - a +6 ring of dexterity (left hand)
 m - an amulet of regeneration (around neck)
Scrolls
 f - 2 scrolls of immolation {unknown}
 h - 4 scrolls of identify {unknown}
 j - a scroll of enchant armour {unknown}
 k - a scroll of silence {unknown}
 l - 2 scrolls of vulnerability {unknown}
 q - a scroll of blinking {unknown}
 t - a scroll of fear {unknown}
 u - a scroll of fog {unknown}
Potions
 c - 2 potions of brilliance {unknown}
 i - 2 potions of flight {unknown}
 n - 2 potions of curing {unknown}
 r - a potion of magic {unknown}
 s - a potion of haste {unknown}
 v - a potion of heal wounds {unknown}


   Skills:
 - Level 3.6 Fighting
 * Level 7.5 Axes
 + Level 5.2 Armour
 - Level 2.1 Dodging
 + Level 4.1 Shields


You had 6 spell levels left.
You didn't know any spells.
Your spell library was empty.

Dungeon Overview and Level Annotations

Branches:
Dungeon (5/15)
 Temple: D:4-7

Altars:
Elyvilon
Qazlal


Innate Abilities, Weirdness & Mutations

You have a pair of horns on your head.
You reflexively headbutt those who attack you in melee.


Message History

The centaur closely misses you. The centaur misses you.
You furiously retaliate!
You headbutt the centaur, but do no damage.
You block the centaur's attack.
You hit the centaur.
The centaur is lightly wounded.
The centaur hits you.
The centaur kicks you but does no damage.
The centaur hits you but does no damage.
You block the centaur's attack.
Something unseen opens the door.
You hit the centaur but do no damage. You headbutt the centaur!
The centaur is heavily wounded.
The centaur barely misses you.
The centaur kicks you but does no damage.
An orc warrior comes into view. It is wielding a +0 battleaxe.
The centaur hits you. The centaur closely misses you.
The orc warrior shouts!
You slash the centaur!
You kill the centaur!
Trog accepts your kill.
Your Shields skill increases to level 4!
You have reached level 7!
You slash the orc warrior!
The orc warrior is heavily wounded.
The orc warrior hits you with a +0 battleaxe!
You closely miss the orc warrior.
The orc warrior is heavily wounded.
The orc warrior misses you.
You barely miss the orc warrior.
The orc warrior is heavily wounded.
The orc warrior hits you with a +0 battleaxe!!
* * * LOW HITPOINT WARNING * * *
You slash the orc warrior! You headbutt the orc warrior.
The orc warrior is severely wounded.
You block the orc warrior's attack.
You hit the orc warrior but do no damage.
The orc warrior is severely wounded.
You block the orc warrior's attack.
The orc warrior hits you with a +0 battleaxe!!
You die...

.. ... ...
####'######+##
.............#
.............#
.......o.....#
#:######@)...#
#########.....#
..............#
..............###+#####
##.....######†)<......#
+..... #†........#
#..... #.........#
#..... #.........#
#..... #.........#


You could see an orc warrior.

Vanquished Creatures
  The ghost of mordus the Poker, an amateur DsFi (D:4)
  A centaur (D:5)
  A bullfrog (D:4)
  A scorpion (D:5)
  3 adders
  7 gnolls
  4 worms
  2 orcs
  7 ball pythons
  6 bats
  5 endoplasms
  8 giant cockroaches
  5 goblins
  9 hobgoblins
  7 jackals (D:1)
  3 quokkas
  2 frilled lizards
  6 kobolds
  9 rats
87 creatures vanquished.

Notes
Turn   | Place    | Note
-------+----------+-------------------------------------------
     0 | D:1      | mordus the Minotaur Berserker began the quest for the Orb.
     0 | D:1      | Reached XP level 1. HP: 19/19 MP: 0/0
   111 | D:1      | Found a faded altar of an unknown god.
   156 | D:1      | Reached skill level 4 in Axes
   161 | D:1      | Reached XP level 2. HP: 16/26 MP: 1/1
   531 | D:1      | Reached ** piety under Trog
   587 | D:1      | Reached XP level 3. HP: 31/31 MP: 2/2
  1014 | D:2      | Reached skill level 1 in Shields
  1433 | D:2      | Reached skill level 5 in Axes
  1438 | D:2      | Reached XP level 4. HP: 21/39 MP: 3/3
  1990 | D:3      | Found a white marble altar of Elyvilon.
  2461 | D:4      | Found a stormy altar of Qazlal.
  2538 | D:4      | Reached *** piety under Trog
  2659 | D:4      | Found a runed translucent door.
  2661 | D:4      | Noticed a bullfrog
  2661 | D:4      | Noticed mordus's ghost (amateur DsFi)
  2878 | D:4      | Reached XP level 5. HP: 45/45 MP: 4/4
  3238 | D:4      | Found a runed translucent door.
  3435 | D:4      | Killed mordus's ghost
  3436 | D:4      | Reached skill level 6 in Axes
  3436 | D:4      | Reached XP level 6. HP: 51/51 MP: 5/5
  3443 | D:4      | Reached skill level 7 in Axes
  3528 | D:5      | Entered Level 5 of the Dungeon
  3547 | D:5      | Reached skill level 5 in Armour
  3576 | D:5      | Noticed an orc warrior
  3578 | D:5      | Reached XP level 7. HP: 36/57 MP: 6/6
  3583 | D:5      | Slain by an orc warrior

Illustrated notes

Levels and vault maps discovered:
D:1:      dpeg_arrival_tiny_d, layout_loops_ring,
          shapermc_ecumenical_altar_mp_ritualfount
D:2:      layout_rooms, serial_glass, glass_columns_c, glass_columns_b,
          minmay_box_of_dots
D:3:      layout_loops_ring, nicolae_overflow_crystal_walls
D:4:      layout_cave_pods, amcnicky_altar_gilded, ebering_ghost_sewer_f,
          minmay_misc_feat_tiny, serial_bayou_pond_d, minmay_splitting_lines
D:5:      layout_gridville, minmay_manual_monolith, uniq_sigmund, uniq_eustachio

Skill      XL: |  1  2  3  4  5  6 |
---------------+-------------------+-----
Axes           | 4 5 6 7 |  7.5
Armour         | 3 4 5 |  5.2
Shields        | 1 2 3 4 |  4.1
Fighting       | |  3.6
Dodging        | |  2.1

Action                   |  1- 3 |  4- 6 |  7- 9 || total
-------------------------+-------+-------+-------++-------
Melee: Broad axe         |    82 |    87 |     5 ||   174
       Headbutt          |    14 |    14 |     1 ||    29
Invok: Berserk           |       |     1 |       ||     1
       Trog's Hand       |       |     1 |       ||     1
Armor: Ring mail         |    28 |    23 |       ||    51
Dodge: Dodged            |    48 |    56 |     1 ||   105
Block: Buckler           |    14 |    23 |     2 ||    39

Table legend: (Time is in decaauts)
 A = Elapsed time spent in this place.
 B = Non-inter-level travel time spent in this place.
 C = Inter-level travel time spent in this place.
 D = Time resting spent in this place.
 E = Time spent auto-exploring this place.
 F = Levels seen in this place.
 G = Mean time per level.
                   A        B        C        D        E       F      G
               +--------+--------+--------+--------+--------+-----+--------+
         Total |   3675 |   3572 |    103 |    336 |   2579 |   5 |  735.0 |
       Dungeon |   3675 |   3572 |    103 |    336 |   2579 |   5 |  735.0 |
               +--------+--------+--------+--------+--------+-----+--------+

Top non-repeatable levels by time:
     D:4: 1146 daAuts
     D:1: 999 daAuts
     D:3: 885 daAuts
     D:2: 583 daAuts
     D:5: 59 daAuts
